 Dungeon Crawl Stone Soup version 0.19.0-2-gae57169 (webtiles) character file.

116 nikopol the Chopper (level 5, -3/46 HPs)
             Began as a Hill Orc Berserker on Nov 5, 2016.
             Was a Believer of Trog.
             Slain by an orc priest
             ... wielding a +0 trident
              (6 damage)
             ... on level 3 of the Dungeon.
             The game lasted 00:04:04 (2423 turns).

nikopol the Chopper (Hill Orc Berserker)            Turns: 2423, Time: 00:04:05

Health: -3/46      AC:  6    Str: 21    XL:     5   Next: 0%
Magic:  5/5        EV: 11    Int:  7    God:    Trog [**....]
Gold:   235        SH:  0    Dex: 10    Spells: 0 memorised, 4 levels left

rFire  . . .     SeeInvis .     a - +0 hand axe
rCold  . . .     Gourm    .     t - +0 ring mail
rNeg   . . .     Faith    .     (no shield)
rPois  .         Spirit   .     (no helmet)
rElec  .         Reflect  .     (no cloak)
rCorr  .         Harm     .     r - +0 pair of gloves
MR     .....                    (no boots)
Stlth  ..........               (no amulet)
                                (no ring)
                                (no ring)

@: exhausted, slowed, very slow
A: no striking features
a: Berserk, Trog's Hand, Burn Spellbooks, Renounce Religion, Convert to Beogh


You were on level 3 of the Dungeon.
You worshipped Trog.
Trog was pleased with you.
You were very hungry.

You visited 1 branch of the dungeon, and saw 3 of its levels.

You collected 235 gold pieces.

Inventory:

Hand Weapons
 a - a +0 hand axe (weapon)
Missiles
 k - 58 arrows (quivered)
Armour
 b - a +0 animal skin
 r - a +0 pair of gloves (worn)
 t - a +0 ring mail (worn)
 y - a +0 pair of gloves
Wands
 u - a wand of slowing (25/48)
Scrolls
 d - a scroll of amnesia {unknown}
 e - 2 scrolls of magic mapping {unknown}
 f - a scroll of blinking {unknown}
 i - a scroll of fog {unknown}
 s - 2 scrolls of identify {unknown}
 v - 2 scrolls of recharging {unknown}
 w - 2 scrolls of random uselessness {unknown}
 z - 2 scrolls of teleportation {unknown}
Potions
 g - 3 potions of curing {unknown}
 h - a potion of lignification {unknown}
 j - a potion of invisibility {unknown}
 l - a potion of ambrosia {unknown}
 n - a potion of flight {unknown}
 q - 3 potions of heal wounds {unknown}
 x - a potion of magic {unknown}
Comestibles
 c - a bread ration
 m - 3 meat rations
 o - 3 fruits
 p - 3 beef jerkies


   Skills:
 + Level 4.2 Fighting
 + Level 5.4 Axes
 + Level 3.2 Armour
 + Level 2.3 Dodging


You had 4 spell levels left.
You didn't know any spells.

Dungeon Overview and Level Annotations

Branches:
Dungeon (3/15)

Altars:
Nemelex Xobeh


Message History

Something hits you.
The orc priest invokes the aid of Beogh against you.
Beogh smites you! Something hits you but does no damage.
The orc priest hits you from afar with a trident.
Something hits you but does no damage.
Things that are here:
a dagger; a leather armour The orc priest invokes the aid of Beogh against you.
Pain shoots through your body!
The orc priest invokes the aid of Beogh against you.
Beogh smites you!
* * * LOW HITPOINT WARNING * * *
Something hits you.
* * * LOW HITPOINT WARNING * * *
Things that are here:
a flail; an orc corpse You barely miss the orc priest.
Your ring mail prevents you from hitting something.
The orc priest hits you with a trident.
You die...

#.#
###.#.##.#####
#.#
#.####.#######
. #.#
#......#.....#
.. #.#
########.###.#
#. #.#
#.......# #.#
#. #.#
#.####### #.#
#.##.#
#....######.#
#..#)#
####)#..)...#
#.#.#
#@#.######
#...# #o#.#
####..# #o#.#
......# #.#.#
......#
#.#.#####
......#
#.#.....###
......##
#.#.#<....#
.......#
#.###...#.#
.......# #.###


You could see an orc priest and an orc.

Vanquished Creatures
  An orc priest (D:3)
  The ghost of jacquesderrida the Grasshopper, a weakling VSWn (D:3)
  An adder (D:3)
  An ooze (D:2)
  A worm (D:2)
  A dart slug (D:2)
  A leopard gecko (D:2)
  5 orcs (D:3)
  2 giant cockroaches
  3 goblins
  7 hobgoblins
  3 kobolds
  11 bats
  4 frilled lizards
  11 rats
  14 fungi (D:1)
67 creatures vanquished.

Notes
Turn   | Place    | Note
-------+----------+-------------------------------------------
     0 | D:1      | nikopol the Hill Orc Berserker began the quest for the Orb.
     0 | D:1      | Reached XP level 1. HP: 19/19 MP: 1/1
   549 | D:1      | Reached XP level 2. HP: 25/27 MP: 2/2
  1474 | D:2      | Reached XP level 3. HP: 9/33 MP: 3/3
  1505 | D:2      | Reached ** piety under Trog
  1888 | D:2      | Found a sparkling altar of Nemelex Xobeh.
  2228 | D:3      | Reached skill level 5 in Axes
  2232 | D:3      | Reached XP level 4. HP: 40/40 MP: 4/4
  2389 | D:3      | Noticed jacquesderrida's ghost (weakling VSWn)
  2399 | D:3      | Killed jacquesderrida's ghost
  2420 | D:3      | Reached XP level 5. HP: 36/46 MP: 5/5
  2422 | D:3      | HP: 2/46 [something (3)]
  2423 | D:3      | Slain by an orc priest

Skill      XL: |  1  2  3 |
---------------+----------+-----
Armour         | 3 |  3.2
Dodging        | 2 |  2.3
Axes           | 5 |  5.4
Fighting       | 4 |  4.2

Action                   |  1- 3 |  4- 6 || total
-------------------------+-------+-------++-------
Melee: Hand axe          |   269 |    33 ||   302
Invok: Berserk           |     1 |     1 ||     2
  Eat: Chunk             |     5 |     1 ||     6
Armor: Animal skin       |    15 |       ||    15
       Ring mail         |    25 |     9 ||    34
Dodge: Dodged            |    96 |    10 ||   106
